 Dungeon Crawl Stone Soup version 0.31-a0-214-gb37851dbb3 (webtiles) character file.

Game seed: 9981820494254864597

101 Querens the Shield-Bearer (level 5, -9/39 (42) HPs)
             Began as a Formicid Fighter on July 1, 2023.
             Engulfed by a cloud of flame (18 damage)
             ... on level 3 of the Dungeon.
             The game lasted 00:07:46 (1612 turns).

Querens the Shield-Bearer (Formicid Fighter)        Turns: 1612, Time: 00:07:47

HP:   -9/39 (42)    AC: 10    Str: 23    XL:     5   Next: 4%
MP:   5/5           EV:  8    Int:  7    God:
Gold: 105           SH:  6    Dex: 19    Spells: 4/4 levels left

rFire   . . .        a - +0 war axe
rCold   . . .        c - +0 buckler
rNeg    . . .        e - +0 chain mail
rPois   .            (helmet unavailable)
rElec   .            (no cloak)
rCorr   .            (no gloves)
SInv    +            o - +0 pair of boots
Will    .....        (no amulet) Stlth
                     j - +6 ring of dexterity
HPRegen 0.26/turn    (no ring)
MPRegen 0.09/turn

%: no passive effects
@: drained
A: permanent stasis, dig shafts and tunnels, antennae 3, four strong arms
a: Dig, Shaft Self


You were on level 3 of the Dungeon.
You visited 1 branch of the dungeon, and saw 3 of its levels.

You collected 105 gold pieces.

Inventory:

Hand Weapons
 a - a +0 war axe (weapon)
Armour
 c - a +0 buckler (worn)
 e - a +0 chain mail (worn)
 o - a +0 pair of boots (worn)
Jewellery
 j - a +6 ring of dexterity (left hand)
Scrolls
 f - 3 scrolls of teleportation {unknown}
 h - 4 scrolls of identify {unknown}
 i - a scroll of butterflies {unknown}
 k - a scroll of fear {unknown}
Potions
 b - a potion of haste {unknown}
 d - 2 potions of might
 g - a potion of degeneration {unknown}
 l - 2 potions of brilliance {unknown}
 m - a potion of lignification {unknown}
 n - a potion of berserk rage {unknown}


   Skills:
 + Level 4.0 Fighting
 + Level 2.9 Axes
 + Level 4.1 Armour
 + Level 4.9 Shields


You had 4 spell levels left.
You didn't know any spells.
Your spell library was empty.

Dungeon Overview and Level Annotations

Branches:
Dungeon (3/15)

Altars:
Xom


Innate Abilities, Weirdness & Mutations

You cannot be hasted, slowed, berserked, paralysed or teleported.
You can dig through walls and to a lower floor.
You have a pair of large antennae on your head. (SInv)
Your four strong arms can wield two-handed weapons with a shield.


Message History

Found a pair of boots.
Found a stone staircase leading down.
There is a stone staircase leading down here.
Found a red potion.
You sense a monster nearby.
Found 13 gold pieces and a potion of might.
An endoplasm comes into view.
Found an orcbow.
The endoplasm quivers.
You see here a red potion.
n - a red potion The endoplasm is engulfed in blazing flames.
The endoplasm dies!
There is a stone staircase leading down here.
You see here a +0 pair of boots.
o - a +0 pair of boots You start putting on your armour.
You continue putting on your +0 pair of boots. x4
You finish putting on your +0 pair of boots.
Found a stone staircase leading up.
You now have 105 gold pieces (gained 10).
You open the door.
There is an open door here.
You open the door.
There is an open door here.
Found 15 gold pieces.
Found a potion of might.
d - 2 potions of might (gained 1)
Found a scroll labelled KOASIP SOUN.
Found Maxwell's Memoranda.
Really walk into a travel-excluded area?
Okay, then.
Really walk into a travel-excluded area?
Okay, then.
Really walk into a travel-excluded area?
You are engulfed in blazing flames.
You are engulfed in blazing flames.
* * * LOW HITPOINT WARNING * * *
You are engulfed in blazing flames.
You die...

##.# #.# ...# #.##
#§§.# ####
#..#####...##### #
###.○.§...:.§§..##
# .☼§§.)...§§○..#
# ..○☼.!.?..§§..#
#####...#####.#
#§§§# #.# #@§○#
#.# #☼§°# #.#
#...#####.#
##.##.....#
#....##### ###.##
#.# #.#
..#########.#


There were no monsters in sight!

Vanquished Creatures
  An orc wizard (D:3)
  An adder (D:2)
  5 orcs (D:3)
  5 ball pythons
  10 bats
  2 endoplasms
  A giant cockroach (D:2)
  5 goblins
  7 hobgoblins
  3 quokkas
  6 frilled lizards
  7 kobolds
  5 rats
58 creatures vanquished.

Vanquished Creatures (others)
  An endoplasm (D:3)
1 creature vanquished.

Grand Total: 59 creatures vanquished

Notes
Turn   | Place    | Note
-------+----------+-------------------------------------------
     0 | D:1      | Querens the Formicid Fighter began the quest for the Orb.
     0 | D:1      | Reached XP level 1. HP: 18/18 MP: 1/1
   225 | D:1      | Reached XP level 2. HP: 18/24 MP: 2/2
   478 | D:1      | Reached XP level 3. HP: 27/29 MP: 3/3
   864 | D:2      | Reached XP level 4. HP: 37/37 MP: 4/4
  1273 | D:3      | Reached XP level 5. HP: 22/39 MP: 5/5
  1281 | D:3      | Found a shimmering altar of Xom.
  1612 | D:3      | Engulfed by a cloud of flame

Illustrated notes

Levels and vault maps discovered:
D:1:      minmay_arrival_glassed_features, layout_loops_corners
D:2:      layout_loops_ring
D:3:      layout_loops_ring, mainiacjoe_overflow_24_doors, lemuel_flame_loot_1

Skill      XL: |  1  2  3  4 |
---------------+-------------+-----
Fighting       | 4 |  4.0
Armour         | 4 |  4.1
Axes           | |  2.9
Shields        | |  4.9

Action                     |  1- 3 |  4- 6 || total
---------------------------+-------+-------++-------
  Melee: War axe           |    98 |    60 ||   158
 Armour: Chain mail        |    88 |    28 ||   116
  Dodge: Dodged            |    51 |    17 ||    68
  Block: Buckler           |    24 |    13 ||    37

Table legend: (Time is in decaauts)
 A = Elapsed time spent in this place.
 B = Non-inter-level travel time spent in this place.
 C = Inter-level travel time spent in this place.
 D = Time resting spent in this place.
 E = Time spent auto-exploring this place.
 F = Levels seen in this place.
 G = Mean time per level.
                   A        B        C        D        E       F      G
               +--------+--------+--------+--------+--------+-----+--------+
         Total |   1675 |   1625 |     50 |      0 |      0 |   3 |  558.3 |
       Dungeon |   1675 |   1625 |     50 |      0 |      0 |   3 |  558.3 |
               +--------+--------+--------+--------+--------+-----+--------+

Top non-repeatable levels by time:
     D:1: 699 daAuts
     D:2: 528 daAuts
     D:3: 447 daAuts
